AoeStats
← Dd

Arabia

503977287Analyzed
1v1 RM · 28d ago on Sep 3, 2026· 44m 44s· 2 players
Game mode
Random Map
Map size
Tiny (2 player)
Population
200
Speed
Normal
Resources
Standard
Victory
Conquest
Starting age
Dark Age
Ending age
Imperial Age
RankedLock teamsTeams togetherTeam positionsShared explorationLock speedFull tech treeHidden civsTurbo modeCheats
Victory
Defeat
🇩🇪 Portuguese · Germany
1297
+14
🇨🇳 Poles · China
1250
-14
PokerRanger
6:03 Loom
9:11 Feudal Age
9:53 Man-at-Arms
18:13 Double-Bit Axe
18:09 Horse Collar
21:27 Castle Age
19:57 Horse Collar
20:08 Gold Mining
20:51 Fletching
22:04 Bodkin Arrow
21:47 Crossbowman
24:24 Ballistics
27:41 Bow Saw
33:07 Scale Barding Armor
36:44 Bloodlines
37:50 Chain Barding Armor
43:17 Imperial Age
45:19 Chemistry
43:40 Cavalier
45:17 Plate Barding Armor
45:28 Forging
Dd
7:15 Loom
9:43 Feudal Age
12:14 Double-Bit Axe
14:31 Bloodlines
14:14 Horse Collar
23:17 Castle Age
22:15 Scale Barding Armor
23:02 Gold Mining
24:22 Light Cavalry
25:03 Husbandry
28:03 Fletching
37:53 Wheelbarrow
37:43 Bow Saw
37:37 Heavy Plow
43:11 Imperial Age
Connection lost

Rejoining the realm…

Still unreachable

The connection could not be restored.

Session expired

The server has moved on; the page needs a fresh start.